 Dungeon Crawl Stone Soup version 0.25-a0-51-gc466198 (webtiles) character file.

Game seed: 6708027999699382559, levelgen mode: deterministic

597432 BoppinsLewinski the Hill Orc Blade (level 27, -2/266 HPs)
             Began as a Hill Orc Monk on Oct 25, 2019.
             Was a High Priest of Okawaru.
             Slain by a titan (16 damage)
             ... on level 5 of the Vaults.
             The game lasted 03:57:34 (71422 turns).

BoppinsLewinski the Hill Orc Blade (Hill Orc Monk) Turns: 71422, Time: 03:57:35

Health: -2/266     AC: 37    Str: 31    XL:     27
Magic:  33/33      EV: 17    Int:  8    God:    Okawaru [*****.]
Gold:   1209       SH:  4    Dex: 18    Spells: 26/26 levels left

rFire    + + .     SeeInvis +   k - +9 triple sword (freeze)
rCold    + + +     Gourm    .   (shield currently unavailable)
rNeg     + . .     Faith    .   t - +9 gold dragon scales
rPois    +         Spirit   .   N - +1 hat {MR+}
rElec    +         Reflect  +   H - -2 cloak "Locrez" {rPois MR+ Str-2 SInv}
rCorr    +         Harm     .   p - +1 pair of gloves of the Trombone {rC++ Str+4 Int-2 Dex+4}
MR       ++++.                  I - +0 pair of boots {run}
Stlth    ..........             s - +4 amulet of reflection
HPRegen  0.54/turn              l - ring "Tixanear" {rN+ rCorr Slay+5}
MPRegen  0.23/turn              U - ring "Gytoum" {rElec rF+ SInv}

@: mighty, berserk cooldown, slowed, very slow
A: horns 1, clumsy 1, screaming 1, MP-powered wands
}: 3/15 runes: barnacled, silver, gossamer
a: Heroism, Finesse, Renounce Religion


You were on level 5 of the Vaults.
You worshipped Okawaru.
Okawaru was extremely pleased with you.
You were not hungry.

You visited 9 branches of the dungeon, and saw 45 of its levels.
You visited 1 bazaar.
You also visited: Sewer, Bailey, Ice Cave and Wizlab.

You collected 5826 gold pieces.
You spent 4617 gold pieces at shops.

Inventory:

Hand Weapons
 k - a +9 triple sword of freezing (weapon)
Missiles
 n - 142 boomerangs
 y - 88 silver javelins (quivered)
 A - 15 silver boomerangs
Armour
 p - the +1 pair of gloves of the Trombone (worn) {rC++ Str+4 Int-2 Dex+4}
   (Okawaru gifted it to you on level 4 of the Spider Nest)

   It affects your strength (+4).
   It affects your intelligence (-2).
   It affects your dexterity (+4).
   It greatly protects you from cold.
 t - +9 gold dragon scales (worn)
 H - the -2 cloak "Locrez" (worn) {rPois MR+ Str-2 SInv}
   (You found it on level 2 of the Depths)

   It affects your strength (-2).
   It protects you from poison.
   It affects your resistance to hostile enchantments.
   It lets you see invisible.
 I - a +0 pair of boots of running (worn)
 N - a +1 hat of magic resistance (worn)
Jewellery
 l - the ring "Tixanear" (left hand) {rN+ rCorr Slay+5}
   (You bought it in a shop on level 1 of the Depths)

   [ring of resist corrosion]

   It affects your accuracy and damage with ranged weapons and melee attacks
   (+5).
   It protects you from negative energy.
   It provides partial protection from all sources of acid and corrosion.
 r - the ring "Jopaboc" {rElec Str+4 Slay+3}
   (You took it off a deep elf annihilator on level 3 of the Elven Halls)

   [ring of strength]

   It affects your strength (+4).
   It affects your accuracy and damage with ranged weapons and melee attacks
   (+3).
   It insulates you from electricity.
 s - a +4 amulet of reflection (around neck)
 v - an uncursed ring of protection from cold {unknown}
 D - an uncursed ring of see invisible
 K - an uncursed ring of flight
 U - the ring "Gytoum" (right hand) {rElec rF+ SInv}
   (You bought it in a shop on level 1 of the Depths)

   [ring of protection from fire]

   It protects you from fire.
   It insulates you from electricity.
   It lets you see invisible.
 V - an uncursed amulet of rage
Wands
 q - a wand of scattershot (7)
 x - a wand of flame (57)
 z - a wand of disintegration (23)
 M - a wand of digging (12)
Scrolls
 f - 2 scrolls of summoning
 g - 19 scrolls of remove curse
 i - 6 scrolls of fog
 j - 21 scrolls of teleportation
 m - a scroll of holy word
 o - 2 scrolls of silence
 E - 9 scrolls of blinking
 S - a scroll of brand weapon
 T - a scroll of magic mapping
 W - 4 scrolls of fear
Potions
 a - 2 potions of resistance
 b - a potion of invisibility
 d - 6 potions of ambrosia
 e - a potion of flight
 h - 9 potions of lignification
 w - 8 potions of cancellation
 F - a potion of brilliance
 G - a potion of magic
 O - 5 potions of curing
 P - 7 potions of agility
 R - a potion of might
 X - 2 potions of haste
 Y - 2 potions of heal wounds
Miscellaneous
 u - a phial of floods
 C - 5 phantom mirrors
 J - a lamp of fire
 L - a lightning rod (4/4)
 Q - a box of beasts
 Z - a fan of gales
Comestibles
 c - 57 rations


   Skills:
 + Level 25.1 Fighting
 * Level 26.1 Long Blades
 - Level 12.2 Throwing
 + Level 19.8 Armour
 + Level 16.1 Dodging
 - Level 1.5 Stealth
 - Level 9.0 Invocations
 - Level 14.0 Evocations


You had 26 spell levels left.
You didn't know any spells.
Your spell library contained the following spells:

 Spells                   Type           Power        Failure   Level  Hunger
 Beastly Appendage        Tmut           #.....       99%         1    ##.....
 Confusing Touch          Hex            #.....       99%         1    ##.....
 Corona                   Hex            #......      99%         1    ##.....
 Flame Tongue             Conj/Fire      #....        99%         1    ##.....
 Freeze                   Ice            #...         99%         1    ##.....
 Infusion                 Chrm           #...         99%         1    ##.....
 Magic Dart               Conj           #...         99%         1    ##.....
 Summon Small Mammal      Summ           #...         99%         1    ##.....
 Call Imp                 Summ           #.......     99%         2    ###....
 Corpse Rot               Necr           N/A          99%         2    ###....
 Ensorcelled Hibernation  Hex/Ice        #.....       99%         2    ###....
 Passwall                 Tmut/Erth      #.......     99%         2    ###....
 Poisonous Vapours        Pois/Air       #.....       99%         2    ###....
 Searing Ray              Conj           #.....       99%         2    ###....
 Shroud of Golubria       Chrm/Tloc      #.....       99%         2    ###....
 Slow                     Hex            #.......     99%         2    ###....
 Song of Slaying          Chrm           #.......     99%         2    ###....
 Sticks to Snakes         Tmut           #.......     99%         2    ###....
 Sublimation of Blood     Necr           #.........   99%         2    ###....
 Swiftness                Chrm/Air       #.......     99%         2    ###....
 Throw Flame              Conj/Fire      #.....       99%         2    ###....
 Throw Frost              Conj/Ice       #.....       99%         2    ###....
 Call Canine Familiar     Summ           #.......     100%        3    ####...
 Confuse                  Hex            #.......     100%        3    ####...
 Conjure Flame            Conj/Fire      #.......     100%        3    ####...
 Dazzling Spray           Conj/Hex       #.....       100%        3    ####...
 Gell's Gravitas          Tloc           #.........   100%        3    ####...
 Ignite Poison            Fire/Tmut/Pois #.......     100%        3    ####...
 Inner Flame              Hex/Fire       #.......     100%        3    ####...
 Mephitic Cloud           Conj/Pois/Air  #.......     100%        3    ####...
 Ozocubu's Armour         Chrm/Ice       #.......     100%        3    ####...
 Portal Projectile        Hex/Tloc       #.....       100%        3    ####...
 Regeneration             Chrm/Necr      #.........   100%        3    ####...
 Spectral Weapon          Hex/Chrm       #.......     100%        3    ####...
 Spider Form              Tmut/Pois      #.........   100%        3    ####...
 Static Discharge         Conj/Air       #.......     100%        3    ####...
 Summon Guardian Golem    Hex/Summ       #.......     100%        3    ####...
 Tukima's Dance           Hex            #.......     100%        3    ####...
 Cause Fear               Hex            #.........   100%        4    #####..
 Force Lance              Conj/Tloc      #.......     100%        4    #####..
 Fulminant Prism          Conj/Hex       #.........   100%        4    #####..
 Ice Form                 Ice/Tmut       #.......     100%        4    #####..
 Iskenderun's Mystic Bla  Conj           #.......     100%        4    #####..
 Leda's Liquefaction      Hex/Erth       #.........   100%        4    #####..
 Passage of Golubria      Tloc           N/A          100%        4    #####..
 Petrify                  Tmut/Erth      #.......     100%        4    #####..
 Sticky Flame             Conj/Fire      #.......     100%        4    #####..
 Summon Ice Beast         Ice/Summ       #.......     100%        4    #####..
 Summon Lightning Spire   Summ/Air       #.......     100%        4    #####..
 Throw Icicle             Conj/Ice       #.......     100%        4    #####..
 Agony                    Necr           #.......     100%        5    ######.
 Alistair's Intoxication  Tmut/Pois      #.......     100%        5    ######.
 Blade Hands              Tmut           #.........   100%        5    ######.
 Bolt of Draining         Conj/Necr      #.........   100%        5    ######.
 Bolt of Magma            Conj/Fire/Erth #.........   100%        5    ######.
 Dispel Undead            Necr           #.......     100%        5    ######.
 Excruciating Wounds      Chrm/Necr      #.........   100%        5    ######.
 Fireball                 Conj/Fire      #.........   100%        5    ######.
 Irradiate                Conj/Tmut      #.........   100%        5    ######.
 Iskenderun's Battlesphe  Conj/Chrm      #.......     100%        5    ######.
 Lee's Rapid Deconstruct  Erth           #.........   100%        5    ######.
 Lightning Bolt           Conj/Air       #.........   100%        5    ######.
 Metabolic Englaciation   Hex/Ice        #.........   100%        5    ######.
 Silence                  Hex/Air        #.........   100%        5    ######.
 Venom Bolt               Conj/Pois      #.........   100%        5    ######.
 Yara's Violent Unravell  Hex/Tmut       #.........   100%        5    ######.
 Bolt of Cold             Conj/Ice       #.........   100%        6    #######
 Bolt of Fire             Conj/Fire      #.........   100%        6    #######
 Conjure Ball Lightning   Conj/Air       #.........   100%        6    #######
 Darkness                 Hex            #.........   100%        6    #######
 Deflect Missiles         Chrm/Air       #.........   100%        6    #######
 Freezing Cloud           Conj/Ice/Air   #.........   100%        6    #######
 Invisibility             Hex            #.......     100%        6    #######
 Iron Shot                Conj/Erth      #.........   100%        6    #######
 Ozocubu's Refrigeration  Ice            #.........   100%        6    #######
 Poison Arrow             Conj/Pois      #.........   100%        6    #######
 Simulacrum               Ice/Necr       #.........   100%        6    #######
 Statue Form              Tmut/Erth      #........    100%        6    #######
 Dragon Form              Tmut           #.........   100%        7    #######
 Orb of Destruction       Conj           #.........   100%        7    #######
 Ring of Flames           Chrm/Fire      #.........   100%        7    #######
 Spellforged Servitor     Conj/Summ      #.........   100%        7    #######
 Summon Hydra             Summ           #.........   100%        7    #######
 Chain Lightning          Conj/Air       #.........   100%        8    #######
 Discord                  Hex            #.........   100%        8    #######
 Ignition                 Fire           #.........   100%        8    #######
 Lehudib's Crystal Spear  Conj/Erth      #.........   100%        8    #######
 Dragon's Call            Summ           #.........   100%        9    #######
 Fire Storm               Conj/Fire      #.........   100%        9    #######
 Glaciate                 Conj/Ice       #.........   100%        9    #######
 Shatter                  Erth           #.........   100%        9    #######
 Tornado                  Air            #.........   100%        9    #######


Dungeon Overview and Level Annotations

Branches:
Dungeon (15/15)            Temple (1/1) D:6            Lair (6/6) D:10
 Shoals (4/4) Lair:2       Spider (4/4) Lair:3        Slime (0/5) Lair:5
    Orc (2/2) D:10            Elf (3/3) Orc:2        Vaults (5/5) D:13
  Crypt (0/3) Vaults:2     Depths (5/5) D:15            Zot (0/5) Depths:5
  Sewer (visited)          Bailey (visited)           IceCv (visited)
 WizLab (visited)

Altars:
Cheibriados
Gozag
Kikubaaqudgha
Makhleb
Okawaru
Sif Muna
Trog
Uskayaw
Vehumet
Xom
Yredelemnul
Zin
The Shining One
Beogh
Jiyva
Lugonu

Shops:
D:7 (   D:11 ?   Orc:2 [*(:   Elf:1 %   Elf:2 *   Elf:3 [   Shoals:3 =
Vaults:1 !   Vaults:2 ?   Vaults:3 ?   Depths:1 ==}   Depths:5 (*?*=

Portals:
Hell: Depths:1 Depths:2 Depths:3 Depths:4 Depths:5
Abyss: Depths:1 Depths:4
Pandemonium: Depths:3
Ziggurat: Depths:4
Trove: D:12 (give +3 shadow dragon scales)

Annotations:
D:3 exclusion: downstairs
D:10 1 runed translucent door, grandjackal's ghost, journeyman DsGl
Lair:4 exclusion: 4 oklob plants
Lair:5 1 runed translucent door, exclusion: 3 oklob plants
Spider:3 1 runed translucent door, Upehit's ghost, journeyman DrVM
Elf:2 8 runed translucent doors, exclusion: obsidian statue, Firecrotchwizard's ghost, adept VSAs
Vaults:4 3 runed translucent doors, vhaine's ghost, adept MiGl
Depths:5 1 runed translucent door, Ruerph's ghost, adept OpGl


Innate Abilities, Weirdness & Mutations

You have a pair of small horns on your head.
You are clumsy. (Dex -2)
You occasionally shout uncontrollably at your foes.
You expend magic power (3 MP) to strengthen your wands.


Message History

Tha ironheart preser'er be lightly wounded.
Tha ironheart preser'er hits ye but does nay damage.
A tentacled monstrosity comes inta view.
Unknown command.
Ye slice tha ironheart preser'er like a ripe choko!!!
Ye freeze tha ironheart preser'er!!
Tha ironheart preser'er be severely wounded.
Tha titan waves its arms in wide circles.
Tha air twists around an' strikes ye!
* * * LOW HITPOINT WARNIN'
* * * Unknown command.
Ye carve tha ironheart preser'er like a ham!!!
Ye freeze tha ironheart preser'er.
Ye kill tha ironheart preser'er!
Okawaru accepts yer kill.
Unknown command.
Ye be nay longer berserk.
Ye be 'shausted.
Ye feel yerself slow down.
Tha titan hits ye!
Ye die...

.)#...#....#..#..#,,,,*,,,,+**+,,
..#####..........#,,,,**,,,,,,,,,
.....(...###..#..#....#*+**'**+**
.........#.......#....#*,,,,,,,,,
.#.#.#.#.#.......#....#,,,,+**',,
..............#..#....#,,,,*,,*,,
..)...........#..#....#,,,,*,,*,,
.#.#.#.#.#..###).#....#,,,,+**+,,
...............)@#p...##',,,,,,,,
..............)(CXp.....#********
################eo..(.).##*******
..............(.(.........,,,,,,,
..............)....<<.....,,,,,,,
.........(...(..(.<[.<....,,,,,,,
...............(()[<<.....,,,,,,,
################......(.##*******
,,,,,,,,,,,,,,ยง.(......)((,,,,,,,


You could see a tentacled monstrosity, a titan, a vault warden, a deep elf high
priest and an orc.

Vanquished Creatures
  Mara (Spider:3)
  Saint Roka (Vaults:3)
  Margery (Vaults:2)
  Nikola (Elf:2)
  5 golden dragons
  A bone dragon (Depths:5)
  Arachne (Spider:2)
  2 tentacled monstrosities (Vaults:5)
  Jorgrun (Elf:1)
  Rupert (D:14)
  Asterion (Spider:3)
  5 titans
  4 quicksilver dragons
  4 liches
  A moon troll (WizLab)
  2 deep elf master archers (Elf:3)
  6 sphinxes
  2 deep elf blademasters (Elf:3)
  5 tentacled starspawn (WizLab)
  Polyphemus (Shoals:4)
  4 krakens (Shoals:4)
  Agnes (D:14)
  4 shadow dragons
  Gastronok (Lair:1)
  Ilsuiw (Shoals:2)
  6 tengu reavers
  4 storm dragons
  6 fire giants
  Kirke (Lair:6)
  19 frost giants
  A draconian monk (Depths:5)
  A draconian scorcher (Depths:5)
  9 deep elf sorcerers
  3 iron dragons
  A cacodemon (WizLab)
  2 orc warlords
  4 emperor scorpions
  15 vault wardens
  Louise (Elf:2)
  4 ghost moths (Spider:4)
  2 spriggan defenders
  17 ironheart preservers
  A draconian stormcaller (Depths:5)
  A ghoul (Vaults:5)
  12 deep elf elementalists
  3 juggernaut skeletons (Depths:4)
  2 war gargoyles (Vaults:5)
  4 caustic shrike skeletons (Depths:4)
  27 very ugly things
  8 entropy weavers
  39 stone giants
  2 vampire knights
  2 black draconians (Depths:5)
  5 dire elephants (Lair:6)
  2 white draconians (Depths:5)
  5 deep elf demonologists
  14 deep elf annihilators
  Azrael (D:15)
  14 spark wasps
  7 deep elf death magi
  2 crystal guardians (Vaults:5)
  14 ettins
  7 merfolk impalers
  10 fire dragons
  9 deep elf high priests
  15 great orbs of eyes
  23 yaktaur captains
  7 merfolk javelineers
  12 ice dragons
  3 rakshasas
  Erolcha (D:12)
  40 vault guards
  2 quicksilver dragon skeletons (Depths:4)
  Erica (D:9)
  A merfolk avatar (Shoals:4)
  7 hydras
  An anaconda (Lair:6)
  5 alligator snapping turtles
  A catoblepas (Shoals:3)
  2 spriggan air magi
  33 two-headed ogres
  3 death knights
  An anaconda (shapeshifter) (Vaults:1)
  A queen ant (Lair:6)
  10 deep troll shamans
  13 dancing weapons
  7 death yaks
  14 ogre magi
  9 centaur warriors
  9 merfolk aquamancers
  10 deep troll earth magi
  4 tengu warriors
  A small abomination (Elf:1)
  12 spriggan berserkers
  20 deep elf knights
  3 wretched stars (WizLab)
  4 orc high priests (Orc:2)
  6 iron trolls
  7 hell knights
  A storm dragon skeleton (Vaults:2)
  A glowing orange brain (shapeshifter) (Depths:2)
  27 skeletal warriors
  2 shadow wraiths
  24 sea snakes
  29 deep trolls
  A sea snake (shapeshifter) (Vaults:5)
  2 unseen horrors
  8 glowing orange brains
  6 flayed ghosts
  4 wizards
  15 ironbrand convokers
  An orange crystal statue (WizLab)
  2 golden dragon skeletons (Depths:4)
  4 phantasmal warriors
  20 deep elf archers
  10 orc knights
  Pikel (D:5)
  2 wolf spider zombies
  2 orb spiders (shapeshifter)
  16 harpies
  A harpy (shapeshifter) (D:14)
  34 ugly things
  4 orc sorcerers (Orc:2)
  21 orb spiders
  2 tengu skeletons
  4 necromancers
  35 wolf spiders
  A fire giant zombie (Vaults:2)
  57 deep elf magi
  2 salamanders
  4 sphinx skeletons (Depths:4)
  3 human zombies
  10 elephants
  16 manticores
  4 fauns
  2 moths of wrath (Spider:4)
  A salamander (shapeshifter) (Vaults:2)
  A centaur zombie (D:14)
  10 merfolk sirens
  A moth of wrath (shapeshifter) (Depths:2)
  7 water nymphs
  8 cyclopes
  3 fire giant skeletons
  A frost giant skeleton (Vaults:2)
  3 eyes of devastation (WizLab)
  Maurice (D:9)
  12 vault sentinels
  An ice statue (IceCv)
  A torpor snail (Spider:1)
  4 black mambas
  A black mamba (shapeshifter) (Depths:2)
  A spiny frog (shapeshifter) (Vaults:2)
  9 spiny frogs
  2 water nymphs (shapeshifter) (Vaults:5)
  2 gargoyles
  3 spriggan skeletons (Depths:4)
  A smoke demon (Depths:4)
  3 centaur skeletons (D:14)
  15 demonic crawlers
  4 rime drakes
  7 elf skeletons (Depths:4)
  2 yaktaurs (shapeshifter)
  61 yaktaurs
  2 efreet (D:14)
  4 hellwings (Depths:4)
  6 red devils (Depths:4)
  5 komodo dragons
  10 freezing wraiths
  2 yaktaur skeletons (Vaults:2)
  A meliai (shapeshifter) (Elf:2)
  11 meliai
  36 merfolk
  A queen bee (Lair:4)
  18 jumping spiders
  17 polar bears
  8 hornets
  10 trolls
  A wind drake (shapeshifter) (Depths:2)
  20 slime creatures
  9 dream sheep
  6 wind drakes
  13 hippogriffs
  An ettin zombie (Vaults:2)
  2 hippogriffs (shapeshifter)
  9 snapping turtles
  4 blink frogs (Lair:6)
  3 air elementals
  A centaur simulacrum (D:15)
  Sigmund (D:5)
  78 redbacks
  7 wyverns
  3 ettin skeletons (Vaults:2)
  13 flying skulls (Depths:4)
  41 yaks
  3 spriggans (Depths:5)
  28 water elementals
  A tarantella (shapeshifter) (Depths:5)
  6 wraiths
  A yak (shapeshifter) (Vaults:1)
  36 tarantellas
  2 wyverns (shapeshifter) (Depths:4)
  3 shadows
  6 fire elementals
  2 hogs (Lair:6)
  A golden eye (shapeshifter) (D:15)
  2 basilisks (Lair:6)
  2 neqoxecs (WizLab)
  12 vampire mosquitoes
  A yaktaur simulacrum (Vaults:1)
  2 steam dragons (D:12)
  12 wargs
  6 hell hounds
  26 soldier ants
  3 acid dragons
  14 water moccasins
  A water moccasin (shapeshifter) (Depths:3)
  10 porcupines
  2 ice beasts
  4 phantoms
  2 sky beasts (D:9)
  A black bear (shapeshifter) (D:13)
  A black bear (Lair:3)
  4 starcursed masses (WizLab)
  A sky beast (shapeshifter) (Depths:4)
  An ettin simulacrum (Vaults:3)
  50 orc warriors
  9 boggarts
  30 ogres
  32 wolves
  A centaur (shapeshifter) (Depths:2)
  11 centaurs
  15 crocodiles
  3 big kobolds
  An earth elemental (Elf:2)
  17 bullfrogs
  2 glowing shapeshifter simulacra
  7 human skeletons
  A gnoll sergeant (D:12)
  A wyvern zombie (D:12)
  6 scorpions
  A wyvern skeleton (D:14)
  47 killer bees
  A human simulacrum (Vaults:2)
  8 wights
  17 jellies
  2 electric eels
  11 howler monkeys
  7 crimson imps
  2 quasits (D:9)
  6 hounds
  Crazy Yiuf (D:4)
  2 bullfrog zombies
  35 orc priests
  8 iguanas
  38 orc wizards
  3 bullfrog skeletons
  27 worker ants
  A killer bee zombie (D:8)
  2 hound zombies
  A hound skeleton (D:5)
  2 worker ant zombies
  Robin (D:4)
  A howler monkey skeleton (D:4)
  11 gnolls
  17 adders
  A river rat (Sewer)
  3 shadow imps
  A white imp (Depths:3)
  12 oozes (Lair:5)
  An adder zombie (D:5)
  An adder skeleton (D:5)
  5 worms
  A dart slug (D:4)
  8 leopard geckos
  131 orcs
  2 ball pythons
  9 giant cockroaches
  10 hobgoblins
  A jackal (Sewer)
  4 quokkas
  A ball python skeleton (D:4)
  3 bats
  12 frilled lizards
  23 goblins
  A jackal skeleton (D:5)
  17 kobolds
  A leopard gecko skeleton (D:5)
  2 quokka zombies
  8 rats
  2 crawling corpses (Elf:3)
  8 plants
  5 starspawn tentacles (WizLab)
  12 tentacles (Shoals:4)
2437 creatures vanquished.

Vanquished Creatures (collateral kills)
  A deep elf annihilator (Vaults:5)
  A fire dragon (Vaults:5)
  2 starcursed masses (WizLab)
  A komodo dragon (shapeshifter) (Vaults:5)
  A queen bee (shapeshifter) (Vaults:3)
  An ogre (Vaults:5)
  2 orcs (Vaults:3)
9 creatures vanquished.

Vanquished Creatures (others)
  A yaktaur captain (Depths:5)
  A deep elf knight (Vaults:1)
  A glowing orange brain (Depths:2)
  A deep elf mage (Elf:1)
  2 yaktaurs
  3 yaks (IceCv)
  A water elemental (Elf:2)
  2 humans (Lair:6)
  An orc warrior (Vaults:5)
  A boggart (Vaults:2)
  A wolf (IceCv)
  An earth elemental (Elf:1)
  A scorpion (D:5)
  An adder (D:5)
  A leopard gecko skeleton (D:5)
  10 fungi
  8 plants
  12 starspawn tentacles (WizLab)
  58 tentacles (Shoals:4)
107 creatures vanquished.

Grand Total: 2553 creatures vanquished

Notes
Turn   | Place    | Note
-------+----------+-------------------------------------------
     0 | D:1      | BoppinsLewinski the Hill Orc Monk began the quest for the
                  | Orb.
     0 | D:1      | Reached XP level 1. HP: 19/19 MP: 1/1
    74 | D:1      | Reached XP level 2. HP: 27/27 MP: 2/2
   640 | D:2      | Reached skill level 1 in Armour
   640 | D:2      | Reached XP level 3. HP: 27/33 MP: 3/3
   717 | D:2      | Reached skill level 4 in Long Blades
   788 | D:2      | Reached XP level 4. HP: 9/40 MP: 4/4
   788 | D:2      | HP: 1/40 [gnoll/+0 spear (8)]
   811 | D:2      | HP: 2/40 [gnoll/+0 spear (2)]
  1869 | D:2      | Reached XP level 5. HP: 35/47 MP: 5/5
  2091 | D:3      | Found a glowing drain.
  2111 | Sewer    | Entered a sewer
  2647 | Sewer    | Noticed a big kobold
  2707 | Sewer    | Killed a big kobold
  2707 | Sewer    | Reached skill level 5 in Long Blades
  2707 | Sewer    | Reached XP level 6. HP: 24/55 MP: 6/6
  2979 | Sewer    | Found a white marble altar of Elyvilon.
  3314 | D:3      | Found a glowing golden altar of the Shining One.
  3494 | D:3      | Found a glowing silver altar of Zin.
  3495 | D:3      | Found an opulent altar of Gozag.
  3831 | D:3      | Reached skill level 5 in Fighting
  4051 | D:3      | Found an ancient bone altar of Kikubaaqudgha.
  4051 | D:3      | Found a burning altar of Makhleb.
  4052 | D:3      | Found a shimmering blue altar of Sif Muna.
  4053 | D:3      | Found a radiant altar of Vehumet.
  4056 | D:3      | Found a snail-covered altar of Cheibriados.
  4255 | D:4      | Found a runed translucent door.
  4256 | D:4      | Noticed Crazy Yiuf
  4278 | D:4      | Noticed Robin
  4292 | D:4      | Killed Robin
  4375 | D:4      | Killed Crazy Yiuf
  4594 | D:4      | Reached XP level 7. HP: 58/61 MP: 7/7
  4610 | D:4      | Reached skill level 6 in Long Blades
  4933 | D:4      | You fall into a shaft and drop 1 floor!
  4933 | D:5      | Entered Level 5 of the Dungeon
  5367 | D:4      | Noticed a hippogriff
  5382 | D:4      | Killed a hippogriff
  5382 | D:4      | Reached skill level 7 in Long Blades
  5382 | D:4      | Reached XP level 8. HP: 32/70 MP: 8/8
  5949 | D:5      | Got a scorched glass ring
  5950 | D:5      | Identified the ring "Pelannuw" {Str+3 Dex-4 Slay+2 Stlth+}
                  | (You found it on level 5 of the Dungeon)
  5968 | D:5      | Noticed Pikel
  6076 | D:5      | Killed Pikel
  6076 | D:5      | Reached skill level 8 in Long Blades
  6076 | D:5      | Reached skill level 1 in Evocations
  6184 | D:5      | Reached skill level 5 in Armour
  6184 | D:5      | Reached XP level 9. HP: 60/78 MP: 10/10
  6498 | D:5      | Noticed Sigmund
  6503 | D:5      | Killed Sigmund
  6665 | D:6      | Found a staircase to the Ecumenical Temple.
  6676 | Temple   | Entered the Ecumenical Temple
  6697 | Temple   | Became a worshipper of Warmaster Okawaru
  6697 | Temple   | Reached * piety under Okawaru
  6697 | Temple   | Reached ** piety under Okawaru
  6761 | D:6      | Reached skill level 5 in Dodging
  6761 | D:6      | Reached skill level 1 in Invocations
  6951 | D:6      | Reached skill level 9 in Long Blades
  7311 | D:7      | Identified a scroll of acquirement
  7386 | D:7      | Found a flagged portal.
  7395 | Bailey   | Entered a bailey
  8093 | D:7      | Found Zubrobar's Weapon Emporium.
  8566 | D:8      | Reached XP level 10. HP: 79/88 MP: 12/12
  9326 | D:9      | Reached *** piety under Okawaru
  9797 | D:9      | Reached skill level 10 in Long Blades
  9863 | D:9      | Noticed Maurice
 10084 | D:9      | Noticed Erica
 10101 | D:9      | Killed Erica
 10144 | D:9      | Reached skill level 5 in Invocations
 10383 | D:9      | Killed Maurice
 11031 | D:10     | Entered Level 10 of the Dungeon
 11114 | D:10     | Reached **** piety under Okawaru
 11161 | D:10     | Reached XP level 11. HP: 38/97 MP: 12/15
 11455 | D:10     | Reached skill level 1 in Throwing
 11488 | D:10     | Reached skill level 11 in Long Blades
 11498 | D:10     | Found a staircase to the Orcish Mines.
 11588 | D:10     | Killed an unseen horror
 11612 | D:10     | Found a staircase to the Lair.
 12065 | D:10     | Found a runed translucent door.
 12065 | D:10     | Noticed grandjackal's ghost (journeyman DsGl)
 12322 | Lair:1   | Entered Level 1 of the Lair of Beasts
 12736 | Lair:1   | Noticed Gastronok
 12752 | Lair:1   | Killed Gastronok
 12752 | Lair:1   | Received a gift from Okawaru
 12752 | Lair:1   | Reached skill level 10 in Fighting
 12897 | Lair:1   | Reached ***** piety under Okawaru
 13815 | Lair:2   | Received a gift from Okawaru
 13822 | Lair:2   | Reached skill level 12 in Long Blades
 13822 | Lair:2   | Reached XP level 12. HP: 111/111 MP: 0/17
 14207 | Lair:2   | Reached XP level 13. HP: 117/117 MP: 16/18
 14218 | Lair:2   | Found a staircase to the Shoals.
 14399 | Lair:3   | Found a frozen archway.
 14411 | Lair:3   | Reached skill level 5 in Evocations
 14426 | IceCv    | Entered an ice cave
 14821 | IceCv    | Reached skill level 13 in Long Blades
 15053 | IceCv    | Gained mutation: You occasionally shout uncontrollably at
                  | your foes. [potion of mutation]
 15053 | IceCv    | Gained mutation: You have a pair of small horns on your
                  | head. [potion of mutation]
 15123 | IceCv    | Noticed a frost giant
 15441 | Lair:3   | Found a hole to the Spider Nest.
 15459 | Lair:3   | Found the +8 lance "Wyrmbane" {slay drac, rPois rF+ rC+
                  | AC+3}
 15632 | Lair:3   | You fall into a shaft and drop 1 floor!
 16282 | Lair:4   | Received a gift from Okawaru
 16541 | Lair:4   | Reached XP level 14. HP: 109/129 MP: 20/20
 16583 | Lair:4   | Identified the +3 ring mail of Eternal Vigilance {SInv}
                  | (Okawaru gifted it to you on level 4 of the Lair of Beasts)
 16860 | Lair:4   | Reached skill level 14 in Long Blades
 17281 | Lair:5   | Reached skill level 10 in Armour
 17285 | Lair:5   | Reached skill level 5 in Throwing
 17539 | Lair:5   | Found a runed translucent door.
 17540 | Lair:5   | Found a viscous altar of Jiyva.
 17542 | Lair:5   | Found a staircase to the Slime Pits.
 18223 | Lair:6   | Entered Level 6 of the Lair of Beasts
 18558 | Lair:6   | Received a gift from Okawaru
 18724 | Lair:6   | Noticed an entropy weaver
 18742 | Lair:6   | Killed an entropy weaver
 18812 | Lair:6   | Noticed an entropy weaver
 18826 | Lair:6   | Killed an entropy weaver
 18976 | Lair:6   | Noticed Kirke
 18998 | Lair:6   | Killed Kirke
 18998 | Lair:6   | Reached XP level 15. HP: 138/139 MP: 13/21
 19289 | Lair:6   | Reached ****** piety under Okawaru
 19289 | Lair:6   | Received a gift from Okawaru
 19717 | Lair:6   | Reached skill level 15 in Long Blades
 20536 | Orc:1    | Entered Level 1 of the Orcish Mines
 20538 | Orc:1    | Noticed an orc warlord
 20702 | D:10     | Killed an orc warlord
 20702 | D:10     | Reached skill level 15 in Fighting
 21094 | Orc:1    | Received a gift from Okawaru
 21207 | Orc:2    | Entered Level 2 of the Orcish Mines
 21476 | Orc:2    | Found a staircase to the Elven Halls.
 21994 | Orc:2    | Received a gift from Okawaru
 22087 | Orc:2    | Found a roughly hewn altar of Beogh.
 22093 | Orc:2    | Noticed an orc warlord
 22102 | Orc:2    | Killed an orc warlord
 22380 | Orc:2    | Found Woutie's Antique Armour Shop.
 22381 | Orc:2    | Found Nivicoi's Antique Weapon Shop.
 22382 | Orc:2    | Found Buiplaoll's General Store.
 22382 | Orc:2    | Found Plog's Book Boutique.
 22665 | D:11     | Received a gift from Okawaru
 22681 | D:11     | Identified a +0 pair of boots of running (Okawaru gifted it
                  | to you on level 11 of the Dungeon)
 22799 | D:11     | Found a basalt altar of Yredelemnul.
 23127 | D:11     | Found Roul's Magic Scroll Shop.
 23204 | D:11     | Bought a scroll of blinking for 105 gold pieces
 23204 | D:11     | Bought a scroll of blinking for 105 gold pieces
 23286 | D:12     | Found a portal to a secret trove of treasure.
 23460 | D:12     | Noticed Erolcha
 23468 | D:12     | Killed Erolcha
 23553 | D:12     | Reached XP level 16. HP: 149/149 MP: 22/22
 24223 | D:13     | Found a gate to the Vaults.
 24604 | D:14     | Reached skill level 16 in Long Blades
 25267 | D:14     | Noticed Rupert
 25283 | D:14     | Killed Rupert
 25666 | D:14     | Noticed Agnes
 25677 | D:14     | Killed Agnes
 25772 | D:14     | Received a gift from Okawaru
 26001 | D:15     | Entered Level 15 of the Dungeon
 26699 | D:15     | Received a gift from Okawaru
 26854 | D:15     | Found a staircase to the Depths.
 26912 | D:15     | Noticed Azrael
 26933 | D:15     | Killed Azrael
 27641 | Shoals:1 | Entered Level 1 of the Shoals
 29383 | Shoals:2 | Noticed Ilsuiw
 29659 | Shoals:2 | Reached XP level 17. HP: 137/160 MP: 17/24
 29834 | Shoals:2 | Killed Ilsuiw
 29834 | Shoals:2 | Reached skill level 10 in Dodging
 30447 | Shoals:2 | Reached skill level 17 in Long Blades
 30870 | Shoals:2 | Received a gift from Okawaru
 30893 | Shoals:2 | Received a gift from Okawaru
 31249 | Shoals:3 | Found Dues's Jewellery Emporium.
 31921 | Shoals:4 | Entered Level 4 of the Shoals
 32080 | Shoals:3 | Reached skill level 10 in Evocations
 32481 | Shoals:4 | Noticed Polyphemus
 32491 | Shoals:4 | Noticed a kraken
 32491 | Shoals:4 | Noticed a kraken
 32497 | Shoals:4 | Killed Polyphemus
 32577 | Shoals:4 | Killed a kraken
 32577 | Shoals:4 | Received a gift from Okawaru
 32581 | Shoals:4 | Killed a kraken
 32604 | Shoals:4 | Noticed a kraken
 32621 | Shoals:4 | Killed a kraken
 32621 | Shoals:4 | Received a gift from Okawaru
 32646 | Shoals:4 | Noticed a kraken
 32954 | Shoals:4 | Reached XP level 18. HP: 171/171 MP: 22/25
 33871 | Shoals:4 | Reached XP level 19. HP: 159/179 MP: 22/26
 34032 | Shoals:4 | Received a gift from Okawaru
 34292 | Shoals:4 | Identified The Arcane Secrets of Witchcraft
 34654 | Shoals:4 | Received a gift from Okawaru
 35722 | Shoals:4 | Got a barnacled rune of Zot
 35810 | Shoals:4 | Received a gift from Okawaru
 35845 | Shoals:4 | Reached skill level 18 in Long Blades
 36018 | Shoals:4 | Found the +9 staff of Wucad Mu {channel}
 36527 | Spider:1 | Entered Level 1 of the Spider Nest
 36797 | Spider:1 | Received a gift from Okawaru
 37246 | Spider:1 | Received a gift from Okawaru
 37593 | Spider:1 | Received a gift from Okawaru
 37975 | Spider:2 | Noticed Arachne
 37994 | Spider:2 | Killed Arachne
 38360 | Spider:2 | Received a gift from Okawaru
 38521 | Spider:2 | Received a gift from Okawaru
 39128 | Spider:3 | Received a gift from Okawaru
 39137 | Spider:3 | Found a runed translucent door.
 39137 | Spider:3 | Found a shimmering altar of Xom.
 39137 | Spider:3 | Noticed Upehit's ghost (journeyman DrVM)
 39138 | Spider:3 | Identified the +4 quarterstaff "Sarcophage" {chaos, *Rage
                  | +Fly rElec rC++}
 39257 | Spider:3 | Noticed Asterion
 39273 | Spider:3 | Killed Asterion
 39622 | Spider:3 | Reached XP level 20. HP: 189/189 MP: 28/28
 39686 | Spider:3 | Noticed Mara
 39707 | Spider:3 | Noticed BoppinsLewinski's illusion
 39727 | Spider:3 | Killed Mara
 40281 | Spider:4 | Entered Level 4 of the Spider Nest
 40789 | Spider:4 | Received a gift from Okawaru
 40792 | Spider:4 | Got a pair of dazzling gloves {god gift}
 40793 | Spider:4 | Identified the +1 pair of gloves of the Trombone {rC++
                  | Str+4 Int-2 Dex+4} (Okawaru gifted it to you on level 4 of
                  | the Spider Nest)
 41433 | Spider:4 | Reached skill level 10 in Throwing
 42103 | Spider:4 | Reached skill level 19 in Long Blades
 42126 | Spider:4 | Got a gossamer rune of Zot
 42648 | Vaults:1 | Entered Level 1 of the Vaults
 42826 | Vaults:1 | Found Zavou's Distillery.
 42843 | Vaults:1 | Bought a potion of curing for 48 gold pieces
 42843 | Vaults:1 | Bought 2 potions of resistance for 320 gold pieces
 42843 | Vaults:1 | Bought a potion of curing for 48 gold pieces
 42843 | Vaults:1 | Bought a potion of haste for 160 gold pieces
 43352 | Shoals:3 | Bought a +4 amulet of reflection for 378 gold pieces
 44413 | Vaults:1 | Received a gift from Okawaru
 45732 | Vaults:2 | Reached XP level 21. HP: 200/200 MP: 29/29
 45753 | Vaults:2 | Received a gift from Okawaru
 47341 | Vaults:2 | Noticed Margery
 47448 | Vaults:2 | Found a staircase to the Crypt.
 47624 | Vaults:2 | Received a gift from Okawaru
 47627 | Vaults:2 | Got a spiked plate armour {god gift}
 47628 | Vaults:2 | Identified the +3 plate armour "Ipehon" {Int+4} (Okawaru
                  | gifted it to you on level 2 of the Vaults)
 48100 | Vaults:2 | Found Kyemnypt's Magic Scroll Shop.
 48381 | Vaults:2 | Killed Margery
 48381 | Vaults:2 | Reached skill level 20 in Long Blades
 48381 | Vaults:2 | Reached skill level 15 in Armour
 48686 | Vaults:3 | Noticed Saint Roka
 48693 | Vaults:3 | Found Walionk's Magic Scroll Emporium.
 48753 | Vaults:3 | Killed Saint Roka
 48753 | Vaults:3 | Reached XP level 22. HP: 47/211 MP: 24/31
 49112 | Vaults:3 | Received a gift from Okawaru
 49631 | Vaults:3 | Received a gift from Okawaru
 51192 | Vaults:4 | Found a runed translucent gate.
 51192 | Vaults:4 | Found a runed translucent gate.
 51219 | Vaults:4 | Received a gift from Okawaru
 51230 | Vaults:4 | Identified the +0 pair of gloves "Hioplut" {Int+4} (Okawaru
                  | gifted it to you on level 4 of the Vaults)
 51587 | Vaults:4 | Found a runed translucent gate.
 51588 | Vaults:4 | Noticed vhaine's ghost (adept MiGl)
 52117 | Depths:1 | Entered Level 1 of the Depths
 53025 | Depths:1 | Found a gateway to Hell.
 53059 | Depths:1 | Found Vyter's Jewellery Boutique.
 53060 | Depths:1 | Found Aselueggy's Gadget Shoppe.
 53061 | Depths:1 | Found Radisus's Jewellery Boutique.
 53074 | Depths:1 | Bought the ring "Gytoum" {rElec rF+ SInv} for 561 gold
                  | pieces
 53074 | Depths:1 | Bought the ring "Tixanear" {rN+ rCorr Slay+5} for 678 gold
                  | pieces
 53092 | Depths:1 | Bought a wand of clouds (5) for 432 gold pieces
 53260 | Depths:1 | Found a one-way gate to the infinite horrors of the Abyss.
 53290 | Depths:1 | Reached XP level 23. HP: 222/222 MP: 32/32
 53442 | Depths:2 | Reached skill level 21 in Long Blades
 53519 | Depths:2 | Found a radiant altar of Vehumet.
 53519 | Depths:2 | Found a basalt altar of Yredelemnul.
 53520 | Depths:2 | Found a glowing silver altar of Zin.
 53948 | Depths:2 | Received a gift from Okawaru
 53951 | Depths:2 | Identified the +1 animal skin of Pyecoq {*Corrode +Inv rF+}
                  | (Okawaru gifted it to you on level 2 of the Depths)
 54426 | Depths:2 | Noticed a golden dragon
 54439 | Depths:2 | Killed a golden dragon
 54956 | Depths:2 | Identified the Grimoire of Evil Execration
 55302 | Depths:2 | Noticed a golden dragon
 55313 | Depths:2 | Killed a golden dragon
 55402 | Depths:2 | Received a gift from Okawaru
 55454 | Depths:2 | Identified the cursed -2 cloak "Locrez" {rPois MR+ Str-2
                  | SInv} (You found it on level 2 of the Depths)
 55696 | D:11     | Bought a scroll of enchant armour for 105 gold pieces
 55696 | D:11     | Bought a scroll of summoning for 133 gold pieces
 55696 | D:11     | Bought a scroll of fog for 28 gold pieces
 55972 | Depths:2 | Received a gift from Okawaru
 56123 | Depths:2 | Identified the Volume of Flight and Venom
 56178 | Depths:3 | Found a one-way gate leading to the halls of Pandemonium.
 56263 | Depths:3 | Received a gift from Okawaru
 56294 | Depths:3 | Found a magical portal.
 56741 | WizLab   | Found a transporter.
 56744 | WizLab   | Gained mutation: You are clumsy. (Dex -2) [a neqoxec]
 56767 | WizLab   | Received a gift from Okawaru
 56787 | WizLab   | Gained mutation: You expend magic power (3 MP) to
                  | strengthen your wands. [a neqoxec]
 57271 | WizLab   | Reached XP level 24. HP: 233/233 MP: 33/33
 58331 | WizLab   | Identified the +8 plate armour of Dyspraxia {+Inv SInv}
                  | (Okawaru gifted it to you in a wizard's laboratory)
 58388 | WizLab   | Reached skill level 22 in Long Blades
 58406 | WizLab   | Got a fine silver ring
 58886 | WizLab   | Found a transporter.
 59088 | WizLab   | Received a gift from Okawaru
 59235 | WizLab   | Identified the +0 cloak of the Lost Path {rN++} (You found
                  | it in a wizard's laboratory)
 59242 | WizLab   | Identified the cursed ring "Ruwkiska" {rPois Dex-3} (You
                  | found it in a wizard's laboratory)
 61544 | Depths:4 | Received a gift from Okawaru
 61544 | Depths:4 | Reached XP level 25. HP: 97/243 MP: 28/33
 61997 | Depths:4 | Reached skill level 23 in Long Blades
 62022 | Depths:4 | You fall into a shaft and drop 1 floor!
 62022 | Depths:5 | Entered Level 5 of the Depths
 62314 | Depths:5 | Found Ujit Sigg's Jewellery Shoppe.
 62351 | Depths:4 | Found a corrupted altar of Lugonu.
 62658 | Depths:4 | Found a gateway to a ziggurat.
 63405 | Depths:4 | Received a gift from Okawaru
 63952 | Depths:5 | Found Geshraol's Magic Scroll Shop.
 63958 | Depths:5 | Bought a scroll of enchant armour for 105 gold pieces
 64209 | Depths:5 | Found a runed translucent door.
 64209 | Depths:5 | Noticed Ruerph's ghost (adept OpGl)
 64215 | Depths:5 | Found Obi Togo's Assorted Antiques.
 64220 | Depths:5 | Bought a steaming hat for 342 gold pieces
 64220 | Depths:5 | Bought a scroll of summoning for 361 gold pieces
 64220 | Depths:5 | Identified the cursed -3 hat of Oruasy {rC- Regen+ Str+9}
                  | (You bought it in a shop on level 5 of the Depths)
 64294 | Depths:5 | Found a gate to the Realm of Zot.
 64377 | Depths:5 | Found Cepaigou's Weapon Shop.
 64492 | Depths:5 | Found a bloodstained altar of Trog.
 64865 | Depths:5 | Found Xofuff's General Store.
 65375 | Elf:1    | Entered Level 1 of the Elven Halls
 65399 | Elf:1    | Reached skill level 24 in Long Blades
 65429 | Elf:1    | Found a radiant altar of Vehumet.
 65582 | Elf:1    | Reached XP level 26. HP: 229/254 MP: 27/33
 65648 | Elf:1    | Noticed Jorgrun
 65656 | Elf:1    | Killed Jorgrun
 66073 | Elf:1    | Found Kuereeddu's Food Emporium.
 66654 | Elf:2    | Reached skill level 15 in Dodging
 66658 | Elf:2    | Found a runed translucent gate.
 66659 | Elf:2    | Found a runed translucent gate.
 66659 | Elf:2    | Found an opulent altar of Gozag.
 66660 | Elf:2    | Found a runed translucent gate.
 66669 | Elf:2    | Found a flickering gateway to a bazaar.
 66675 | Bazaar   | Entered a bazaar
 66690 | Bazaar   | Found Jegrit's Distillery.
 66722 | Bazaar   | Found Coaf's Distillery.
 66746 | Bazaar   | Found Epofymna's Gadget Emporium.
 66772 | Bazaar   | Found Veovir's Gadget Emporium.
 66817 | Bazaar   | Bought a potion of haste for 120 gold pieces
 66817 | Bazaar   | Bought a potion of cancellation for 96 gold pieces
 66817 | Bazaar   | Bought a potion of curing for 36 gold pieces
 66845 | Bazaar   | Bought a potion of heal wounds for 60 gold pieces
 66845 | Bazaar   | Bought 2 potions of curing for 72 gold pieces
 66845 | Bazaar   | Bought a potion of heal wounds for 60 gold pieces
 66845 | Bazaar   | Bought a potion of heal wounds for 60 gold pieces
 66845 | Bazaar   | Bought a potion of might for 48 gold pieces
 66845 | Bazaar   | Bought a potion of invisibility for 96 gold pieces
 66845 | Bazaar   | Bought a potion of berserk rage for 60 gold pieces
 67027 | Elf:2    | Found a huge runed translucent gate.
 67027 | Elf:2    | Found a huge runed translucent gate.
 67027 | Elf:2    | Found a huge runed translucent gate.
 67028 | Elf:2    | Found a huge runed translucent gate.
 67029 | Elf:2    | Found a huge runed translucent gate.
 67287 | Elf:2    | Noticed Louise
 67323 | Elf:2    | Killed Louise
 67459 | Elf:2    | Found Qalaasakhla's Assorted Antiques.
 67459 | Elf:2    | Noticed Firecrotchwizard's ghost (adept VSAs)
 67466 | Elf:2    | Noticed Nikola
 67474 | Elf:2    | Killed Nikola
 67474 | Elf:2    | Received a gift from Okawaru
 67631 | Elf:3    | Entered Level 3 of the Elven Halls
 67866 | Elf:3    | Found Ideotasi's Armour Shoppe.
 68613 | Elf:3    | Received a gift from Okawaru
 68705 | Elf:3    | Identified the +2 leather armour "Jabyas" {rPois Str+2
                  | Dex-3}
 68705 | Elf:3    | Identified the ring "Jopaboc" {rElec Str+4 Slay+3}
 68727 | Elf:3    | Received a gift from Okawaru
 68982 | Elf:3    | Got a wavering lead ring
 69005 | Elf:3    | Identified the ring of the Devil's Team {Wiz -Tele *Drain
                  | rF+++ Str+8} (You found it on level 3 of the Elven Halls)
 69036 | Elf:3    | Identified the +4 great sword "Kaphurchaha" {flame, Int+3
                  | Dex+7} (You found it on level 3 of the Elven Halls)
 69488 | Vaults:5 | Entered Level 5 of the Vaults
 69618 | Vaults:4 | Received a gift from Okawaru
 69629 | Vaults:4 | Reached skill level 25 in Long Blades
 70485 | Vaults:5 | Reached XP level 27. HP: 245/264 MP: 27/33
 70543 | Vaults:5 | Identified the +9 plate armour of Quantum Leap {rPois Str+9
                  | Stlth-}
 70935 | Vaults:5 | Received a gift from Okawaru
 71261 | Vaults:5 | Got a silver rune of Zot
 71382 | Vaults:5 | Reached skill level 26 in Long Blades
 71422 | Vaults:5 | Slain by a titan

Levels and vault maps discovered:
D:1:      minmay_arrival_five_plusses, layout_loops_ring, st_stairs_10,
          minmay_misc_feat_secret_circle
D:2:      layout_rooms, st_stairs_8
D:3:      layout_basic, grunt_temple_overflow_gold_and_silver, minitemple,
          first_ration, gup_sewer_entry_pipe
D:4:      layout_rooms, nzn_random_ring, uniq_robin, uniq_crazy_yiuf_cottage
D:5:      layout_rooms, minmay_misc_feat_alley, uniq_pikel, uniq_sigmund
D:6:      wander_river, layout_rooms, minmay_temple_entry_antechambers
D:7:      layout_basic, serial_shops, shop, enter_bailey_2, the_bakery
D:8:      layout_cave_pods
D:9:      layout_loops_cross, uniq_erica, uniq_maurice
D:10:     layout_cave_pools, erik_lair_orcish_takeover, erik_orc_3,
          ebering_ghost_inner_flame
D:11:     layout_loops_ring, basic_altar, serial_shops, nicolae_shop_stone
D:12:     layout_roguey, nicolae_trove_entry_crossroad, eino_jars, uniq_erolcha
D:13:     layout_small_grid, david_vaults_4, kennysheep_generic_room_13
D:14:     layout_loops_ring, hangedman_glass_teeth, uniq_agnes, uniq_rupert
D:15:     hangedman_depths_entry_try_elsewhere_first, layout_irregular_city,
          chequers_serial_rivers_small_a, uniq_azrael
Temple:   jpeg_temple_clearing
Lair:1:   layout_gridlike, grunt_megastairs_4, uniq_gastronok
Lair:2:   layout_small_grid, elwin_shoals_entry_rooms
Lair:3:   layout_roguey, spider_nest_entry_webs, portal_ice_cave_rime,
          serial_bayou_pond_d
Lair:4:   hangedman_what_comes_after_a, layout_long_grid, fungi_pond_lemuel
Lair:5:   lemuel_slime, layout_misc_corridors, slime_altar_2,
          beast_lair_carwin_1, minmay_lair_oklob_chamber
Lair:6:   due_jungle_book, layout_regular_city, st_stairs_11, minivault_29,
          grunt_megastairs_2, uniq_kirke
Shoals:1: layout_shoals
Shoals:2: cheibrodos_shoals_three_sisters, layout_shoals,
          nicolae_shoals_water_elemental_grotto, uniq_ilsuiw
Shoals:3: layout_shoals, serial_shops, shop_fountains
Shoals:4: shoals_end_simple, layout_shoals, nicolae_shoals_kraken_party,
          uniq_polyphemus
Spider:1: layout_chambers
Spider:2: layout_spider_delve, hangedman_spider_tarantella_strand, uniq_arachne
Spider:3: layout_chambers, ebering_ghost_xom, uniq_asterion, uniq_mara
Spider:4: grunt_spider_rune_island
Orc:1:    layout_caves, mines4_lemuel
Orc:2:    st_orc_congregation, layout_diamond_mine, bh_open_orc_temple
Elf:1:    eino_elf_arrival_altar, layout_gridlike, serial_shops, shop_coins,
          serial_co_window_serial, co_window_corner_a, co_window_paths_a,
          co_window_of_opportunity_a, co_window_corner_a, co_window_corner_a,
          co_window_corner_b, co_window_broadway_c, co_window_unsneaky_path_e,
          glass_columns_a, hangedman_elf_disciples, item_on_display_a,
          uniq_jorgrun
Elf:2:    layout_geoelf_octagon, serial_shops, freezing_bzr,
          ebering_ghost_gozag, sword_in_stone, uniq_nikola
Elf:3:    minmay_elf_hall_four_x, layout_geoelf_diagonals, serial_shops, shop
Vaults:1: v_misc_8, v_misc_19, nicolae_vaults_alarming,
          nicolae_vaults_what_the_h, grunt_vaults_focal,
          ontoclasm_vaults_ring_square, hangedman_vaults_trim,
          nicolae_vaults_little_squares_6, vaults_room_mumra_shop_pool,
          vaults_dpeg_encased_lava, layout_vaults_omnigrid
Vaults:2: vaults_room_large_hall, hangedman_vaults_trim,
          nicolae_vaults_circle_grid_a, hangedman_vaults_nodes, v_pattern_2,
          v_misc_23, hangedman_vaults_variations, ontoclasm_vaults_eye,
          st_octagons_1, v_misc_23, minmay_crypt_entry_skeletal_spiral,
          hangedman_vaults_restitches, layout_vaults_omnibox, serial_shops,
          shop_statue, uniq_margery
Vaults:3: nicolae_vaults_ring_of_whatevers, hangedman_vaults_pinch,
          hangedman_vaults_stream, hangedman_vaults_maws,
          vaults_room_grunt_arrival_checkpoint, v_alt_pattern_2,
          hangedman_vaults_snaps, vaults_dpeg_cross, vaults_room_pool,
          layout_vaults_big_room, serial_shops,
          nicolae_shop_competitors_out_of_business, uniq_saint_roka
Vaults:4: gammafunk_vaults_ghost_spectres, grunt_vaults_diagonal, v_rooms_2,
          nicolae_vaults_yaktaur_gun_rack, nicolae_vaults_know_your_exits,
          v_rooms_1, hangedman_vaults_restitches, vaults_room_hallway,
          v_pattern_5, v_alt_pattern_1, v_misc_19, v_alt_pattern_4,
          v_alt_pattern_6, layout_vaults_big_cross
Vaults:5: serial_shops
Depths:1: layout_cave_shapes, abyss_entry_crystal, pf_coc_iceberg,
          minmay_librarian, minmay_shop_grove
Depths:2: hangedman_slaughterboxes, hell_entry
Depths:3: kennysheep_ambush_hall, layout_basic, rand_demon_pan_entry_8,
          hell_entry, mu_enter_wizlab_4, serial_bayou_shore_b
Depths:4: minmay_skeleton_keep, layout_gridlike, enter_ziggurat_f, hellmouth_3,
          dk_noncrumbling_2, abyss_entry_flame_altar
Depths:5: grunt_zot_entry_bicorn, layout_honeycomb, hell_entry,
          chequers_serial_rivers_micro_d, serial_shops, nicolae_shop_stone,
          shop, nicolae_shop_window_shopping, nicolae_shop_crystal, shop,
          ebering_ghost_reflecting_pool, evilmike_spriggan_trog_shrine

Skill      XL: |  1  2  3  4  5  6  7  8  9 10 11 12 13 14 15 16 17 18 19 20 21 22 23 24 25 26 27 |
---------------+----------------------------------------------------------------------------------+-----
Fighting       | 4 5 6 7 9 11 13 14 15 16 17 18 19 20 21 22 23 24 25 | 25.1
Armour         | 1 2 3 4 5 6 7 8 9 10 11 12 13 14 15 16 17 18 19 | 19.8
Long Blades    | 4 5 7 8 9 10 12 13 14 15 16 17 18 19 20 21 22 24 25 26 | 26.1
Dodging        | 3 4 5 6 7 8 9 10 11 12 13 14 15 16 | 16.1
Evocations     | 2 3 4 6 7 8 9 10 11 12 13 14 | 14.0
Invocations    | 3 5 6 7 8 9 |  9.0
Throwing       | 2 3 4 5 6 7 8 9 10 11 12 | 12.2
Stealth        | |  1.5

Action                   |  1- 3 |  4- 6 |  7- 9 | 10-12 | 13-15 | 16-18 | 19-21 | 22-24 | 25-27 || total
-------------------------+-------+-------+-------+-------+-------+-------+-------+-------+-------++-------
Melee: Falchion          |    87 |   331 |   339 |   151 |       |       |       |       |       ||   908
       Scimitar          |       |       |       |    60 |    23 |       |       |       |       ||    83
       Great sword       |       |       |       |   210 |   210 |       |       |       |       ||   420
       Punch             |       |       |       |     1 |     7 |     3 |     4 |       |       ||    15
       Demon blade       |       |       |       |       |  1105 |   868 |   198 |       |       ||  2171
       Headbutt          |       |       |       |       |   238 |   216 |   350 |   377 |   418 ||  1599
       Triple sword      |       |       |       |       |       |       |   952 |  1109 |  1232 ||  3293
Throw: Boomerang         |       |       |       |    26 |    94 |   200 |    56 |    21 |    28 ||   425
       Javelin           |       |       |       |       |    21 |    25 |   349 |   153 |    84 ||   632
Invok: Heroism           |       |       |     1 |    12 |    20 |    19 |    23 |    11 |    13 ||    99
       Finesse           |       |       |       |       |    17 |    13 |    18 |    19 |    16 ||    83
Evoke: Wand              |       |       |    10 |     3 |    25 |    20 |     5 |     4 |     7 ||    74
       Lightning rod     |       |       |       |       |     2 |     9 |     7 |       |       ||    18
       Box of beasts     |       |       |       |       |       |       |     1 |     1 |     1 ||     3
       Lamp of fire      |       |       |       |       |       |       |       |     1 |     2 ||     3
       Fan of gales      |       |       |       |       |       |       |       |     1 |       ||     1
  Use: Potion            |     4 |     5 |     6 |     4 |    11 |     6 |     8 |     3 |    13 ||    60
       Scroll            |       |     5 |    11 |     5 |    13 |     7 |    20 |    23 |    12 ||    96
 Stab: Sleeping          |     1 |       |       |       |       |       |       |       |       ||     1
       Distracted        |       |       |       |       |     1 |       |       |     1 |     2 ||     4
       Paralysed         |       |       |       |       |     2 |     1 |       |       |       ||     3
       Invisible         |       |       |       |       |       |     3 |       |       |       ||     3
       Petrified         |       |       |       |       |       |     3 |       |       |       ||     3
  Eat: Chunk             |       |     9 |    10 |    18 |    30 |    18 |    20 |    15 |    13 ||   133
       Ration            |       |     1 |     1 |       |       |     5 |     7 |     7 |     6 ||    27
Armor: Ring mail         |    25 |    98 |       |       |       |       |       |       |       ||   123
       Chain mail        |       |    29 |   161 |       |       |       |       |       |       ||   190
       Plate armour      |       |       |     9 |   246 |   554 |   385 |   637 |   195 |       ||  2026
       Gold dragon scale |       |       |       |       |       |       |       |   195 |   577 ||   772
Dodge: Dodged            |    50 |   190 |   157 |   214 |   719 |   552 |  1032 |   565 |   508 ||  3987
Block: Other             |       |       |       |       |       |       |    60 |   119 |   149 ||   328
       Reflection        |       |       |       |       |       |       |     6 |    16 |    15 ||    37
       Rpst.: Falchion   |    14 |    46 |    43 |    11 |       |       |       |       |       ||   114
       Scimitar          |       |       |       |    18 |     4 |       |       |       |       ||    22
       Great sword       |       |       |       |    38 |    26 |       |       |       |       ||    64
       Demon blade       |       |       |       |       |   164 |   108 |    22 |       |       ||   294
       Triple sword      |       |       |       |       |       |       |   161 |   111 |   108 ||   380

Table legend:
 A = Non-vault XP
 B = Vault XP
 C = Vault XP percentage of total XP
 D = Non-vault monster count
 E = Vault monster count
 F = Vault count percentage of total count
                 A         B        C        D         E       F
            +---------+---------+-------+---------+---------+-------
      Total |  555609 |  746991 |  57.3 |    1347 |    1079 |  44.5
            +---------+---------+-------+---------+---------+-------
        D:1 |      65 |       6 |   8.5 |      18 |       4 |  18.2
        D:2 |     124 |       0 |   0.0 |      23 |       0 |   0.0
        D:3 |     170 |      17 |   9.1 |      28 |       7 |  20.0
        D:4 |     294 |     763 |  72.2 |      16 |      26 |  61.9
        D:5 |     541 |     861 |  61.4 |      23 |       2 |   8.0
        D:6 |     591 |       0 |   0.0 |      11 |       0 |   0.0
        D:7 |    1015 |       0 |   0.0 |      18 |       0 |   0.0
        D:8 |     598 |       0 |   0.0 |      22 |       0 |   0.0
        D:9 |    2371 |    1400 |  37.1 |      39 |       2 |   4.9
       D:10 |    6077 |     982 |  13.9 |      32 |      22 |  40.7
       D:11 |    3255 |       0 |   0.0 |      28 |       0 |   0.0
       D:12 |    5460 |    1950 |  26.3 |      40 |       9 |  18.4
       D:13 |     856 |    1636 |  65.7 |       6 |       5 |  45.5
       D:14 |   14921 |    4966 |  25.0 |      56 |       2 |   3.4
       D:15 |    6349 |    3738 |  37.1 |      22 |       9 |  29.0
     Lair:1 |    1730 |    2329 |  57.4 |      13 |       3 |  18.8
     Lair:2 |    3350 |    1001 |  23.0 |      16 |       2 |  11.1
     Lair:3 |    3357 |    1402 |  29.5 |      16 |       5 |  23.8
     Lair:4 |    2787 |   11278 |  80.2 |      13 |      62 |  82.7
     Lair:5 |    2709 |    4659 |  63.2 |      17 |      39 |  69.6
     Lair:6 |   15581 |   15765 |  50.3 |      32 |      58 |  64.4
   Shoals:1 |   13378 |       0 |   0.0 |      33 |       0 |   0.0
   Shoals:2 |   14236 |   13857 |  49.3 |      27 |      20 |  42.6
   Shoals:3 |   11530 |    5510 |  32.3 |      27 |       6 |  18.2
   Shoals:4 |   21110 |   34086 |  61.8 |      47 |      42 |  47.2
   Spider:1 |   21243 |       0 |   0.0 |      59 |       0 |   0.0
   Spider:2 |   11253 |    3704 |  24.8 |      34 |       2 |   5.6
   Spider:3 |   15165 |   12283 |  44.8 |      44 |       5 |  10.2
   Spider:4 |    8220 |   26260 |  76.2 |      22 |      42 |  65.6
      Orc:1 |    1876 |       0 |   0.0 |      33 |       0 |   0.0
      Orc:2 |    2765 |   12068 |  81.4 |      44 |      72 |  62.1
      Elf:1 |   23697 |   12470 |  34.5 |      37 |      17 |  31.5
      Elf:2 |   19337 |    9548 |  33.1 |      32 |       7 |  17.9
      Elf:3 |    6804 |   54234 |  88.9 |      11 |      38 |  77.6
   Vaults:1 |   36477 |    6401 |  14.9 |      58 |      15 |  20.5
   Vaults:2 |   24795 |   56301 |  69.4 |      39 |      75 |  65.8
   Vaults:3 |   29568 |   24209 |  45.0 |      44 |      43 |  49.4
   Vaults:4 |   21623 |   67375 |  75.7 |      28 |      72 |  72.0
   Vaults:5 |   38090 |   98865 |  72.2 |      48 |      70 |  59.3
   Depths:1 |   29353 |    2646 |   8.3 |      45 |       1 |   2.2
   Depths:2 |       0 |   95470 | 100.0 |       0 |      78 | 100.0
   Depths:3 |   47911 |    6273 |  11.6 |      50 |       9 |  15.3
   Depths:4 |   56836 |   43339 |  43.3 |      60 |      77 |  56.2
   Depths:5 |   26169 |   32354 |  55.3 |      30 |      20 |  40.0
      Sewer |       0 |     122 | 100.0 |       0 |       8 | 100.0
      IceCv |       0 |   10251 | 100.0 |       0 |      49 | 100.0
     WizLab |    1972 |   66612 |  97.1 |       6 |      54 |  90.0
            +---------+---------+-------+---------+---------+-------
